 Dungeon Crawl Stone Soup version 0.22.1-1-ga44c0e56f4 (webtiles) character file.

174 Azzok the Sneak (level 5, 0/37 HPs)
             Began as a Gnoll Enchanter on Oct 9, 2018.
             Slain by an orc wizard
             ... wielding a +0 dagger
              (3 damage)
             ... on level 3 of the Dungeon.
             The game lasted 00:05:06 (3683 turns).

Azzok the Sneak (Gnoll Enchanter)                   Turns: 3683, Time: 00:05:07

Health: 0/37       AC:  3    Str: 10    XL:     5   Next: 54%
Magic:  0/12       EV: 15    Int: 19    God:
Gold:   81         SH:  0    Dex: 19    Spells: 5/14 levels left

rFire    . . .     SeeInvis .   a - +1 dagger
rCold    + . .     Gourm    .   (no shield)
rNeg     . . .     Faith    .   b - +0 robe
rPois    .         Spirit   .   l - +0 helmet
rElec    .         Reflect  .   (no cloak)
rCorr    .         Harm     .   (no gloves)
MR       .....                  (no boots)
Stlth    +++.......             (no amulet)
HPRegen  0.12/turn              k - ring of protection from cold
MPRegen  0.13/turn              o - +4 ring of dexterity

@: slowed, very slow
A: distributed training, fangs 1, strong nose
a: no special abilities


You were on level 3 of the Dungeon.
You were hungry.

You visited 1 branch of the dungeon, and saw 3 of its levels.

You collected 81 gold pieces.

Inventory:

Hand Weapons
 a - a +1 dagger (weapon)
Armour
 b - a +0 robe (worn)
 l - a +0 helmet (worn)
Jewellery
 k - a ring of protection from cold (left hand)
 o - a +4 ring of dexterity (right hand)
Scrolls
 g - 2 scrolls of immolation
 i - 3 scrolls of identify
 m - a scroll of fog {unknown}
Potions
 f - a potion of lignification {unknown}
 h - a potion of flight {unknown}
 j - a potion of heal wounds {unknown}
 n - 2 potions of curing {unknown}
Comestibles
 d - 2 rations


   Skills:
 + Level 1.5 Fighting
 + Level 3.0 Short Blades
 + Level 1.5 Long Blades
 + Level 1.5 Axes
 + Level 1.5 Maces & Flails
 + Level 1.5 Polearms
 + Level 1.5 Staves
 + Level 1.5 Slings
 + Level 1.5 Bows
 + Level 1.5 Crossbows
 + Level 1.5 Throwing
 + Level 1.5 Armour
 + Level 4.8 Dodging
 + Level 6.1 Stealth
 + Level 1.5 Shields
 + Level 1.5 Unarmed Combat
 + Level 5.2 Spellcasting
 + Level 1.2 Conjurations
 + Level 5.5 Hexes
 + Level 1.2 Charms
 + Level 1.2 Summonings
 + Level 1.2 Necromancy
 + Level 1.2 Translocations
 + Level 1.2 Transmutations
 + Level 1.2 Fire Magic
 + Level 1.2 Ice Magic
 + Level 1.2 Air Magic
 + Level 1.2 Earth Magic
 + Level 1.2 Poison Magic
 + Level 1.7 Invocations
 + Level 1.5 Evocations


You had 5 spell levels left.
You knew the following spells:

 Your Spells              Type           Power        Failure   Level  Hunger
a - Corona                Hex            ####...      1%          1    None
b - Ensorcelled Hibernat  Hex/Ice        ###...       4%          2    #......
c - Confuse               Hex            ####....     3%          3    ##.....
d - Dazzling Spray        Conj/Hex       ###...       9%          3    ##.....

Your spell library contained the following spells:

 Spells                   Type           Power        Failure   Level  Hunger
 Tukima's Dance           Hex            ####....     3%          3    ##.....


Dungeon Overview and Level Annotations

Branches:
Dungeon (3/15)

Altars:
Ashenzari
Cheibriados
Ru


Innate Abilities, Weirdness & Mutations

Your experience applies equally to all skills.
You have very sharp teeth.
Your uncanny sense of smell can sniff out nearby items.


Message History

The orc wizard casts a spell at you.
You feel yourself slow down. The orc wizard misses you.
You closely miss the orc wizard. Your bite misses the orc wizard.
The orc wizard is moderately wounded.
The orc wizard casts a spell at you. The magic dart hits you!
* * * LOW HITPOINT WARNING * * *
Casting: Corona (safe; 1% risk of failure)
Confirm with . or Enter, or press ? or * to list all spells.
Aiming: Corona (safe; 1% risk of failure)
Press: ? - help, Shift-Dir - straight line, f/p - hobgoblin
Aim: a hobgoblin, wielding a club (chance to defeat MR: 81%)
The orc wizard is outlined in light.
* * * LOW MAGIC WARNING * * *
The orc wizard misses you. The orc wizard closely misses you.
The orc wizard barely misses you.
You hit the orc wizard.
The orc wizard is heavily wounded.
The orc wizard hits you with a dagger.
You die...

▒··▒▒·▒·▒▒▒ ▒·▒▒▒·▒·▒▒·▒▒·▒
▒··▒··▒·▒ ▒·▒▒▒·▒·▒··▒▒·▒
▒·······▒ ▒·····▒·······▒
▒·······▒ ▒▒▒▒▒▒▒▒▒▒▒▒·▒▒▒▒▒
▒·····<·▒ ▒·····▒ ▒·▒ ▒·▒▒·▒▒·▒
▒···)·▒ ▒·▒ ▒·▒▒····▒ ▒·····▒
▒▒▒·▒ ▒·▒▒▒▒··▒ ▒·····▒ ▒···▒
▒▒▒·▒▒▒▒··▒ ▒··@[·▒ ▒▒▒▒▒▒▒▒▒
··········▒ ▒▒▒o▒▒▒ ▒▒·▒·▒_▒·▒▒▒
·▒▒▒▒··▒·▒▒▒▒▒▒▒g▒▒▒▒▒8·▒·▒·▒·▒·▒
···▒·······≈··▒▒ol··············⌠
···▒··)····≈····J···)···········▒
··▒▒▒▒···≈≈≈≈·▒·····)·8·▒·▒·▒·▒··
▒(·▒·······≈··········▒·▒⌠▒·▒_▒⌠▒
▒··▒···▒···≈··▒·······▒▒▒▒▒▒▒▒▒▒▒
▒··▒▒▒'▒'≈≈≈···········▒


You could see an orc wizard, an ooze, an orc, a hobgoblin and a frilled lizard.

Vanquished Creatures
  An orc wizard (D:3)
  3 gnolls (D:3)
  2 adders (D:2)
  An ooze (D:1)
  A worm (D:3)
  4 dart slugs
  7 leopard geckos
  7 orcs (D:3)
  A ball python (D:3)
  7 bats
  A giant cockroach (D:2)
  9 goblins
  4 hobgoblins
  3 jackals (D:3)
  4 frilled lizards
  12 kobolds
  6 rats
73 creatures vanquished.

Vanquished Creatures (others)
  4 toadstools (D:1)
4 creatures vanquished.

Grand Total: 77 creatures vanquished

Notes
Turn   | Place    | Note
-------+----------+-------------------------------------------
     0 | D:1      | Azzok the Gnoll Enchanter began the quest for the Orb.
     0 | D:1      | Reached XP level 1. HP: 13/13 MP: 6/6
   763 | D:1      | Reached XP level 2. HP: 19/19 MP: 7/7
   940 | D:1      | Learned a level 2 spell: Ensorcelled Hibernation
  1054 | D:1      | Reached XP level 3. HP: 25/25 MP: 1/9
  1059 | D:1      | Learned a level 3 spell: Confuse
  1063 | D:1      | Learned a level 3 spell: Dazzling Spray
  1138 | D:1      | Reached skill level 5 in Spellcasting
  1414 | D:2      | Reached skill level 6 in Stealth
  1525 | D:2      | Reached skill level 1 in Invocations
  1664 | D:2      | Reached skill level 1 in Fighting
  1664 | D:2      | Reached skill level 1 in Long Blades
  1664 | D:2      | Reached skill level 1 in Axes
  1664 | D:2      | Reached skill level 1 in Maces & Flails
  1664 | D:2      | Reached skill level 1 in Polearms
  1664 | D:2      | Reached skill level 1 in Staves
  1664 | D:2      | Reached skill level 1 in Slings
  1664 | D:2      | Reached skill level 1 in Bows
  1664 | D:2      | Reached skill level 1 in Crossbows
  1664 | D:2      | Reached skill level 1 in Throwing
  1664 | D:2      | Reached skill level 1 in Armour
  1664 | D:2      | Reached skill level 1 in Shields
  1664 | D:2      | Reached skill level 1 in Unarmed Combat
  1664 | D:2      | Reached skill level 1 in Evocations
  1713 | D:2      | Reached XP level 4. HP: 32/32 MP: 11/11
  2581 | D:3      | Reached skill level 1 in Conjurations
  2581 | D:3      | Reached skill level 1 in Charms
  2581 | D:3      | Reached skill level 1 in Summonings
  2581 | D:3      | Reached skill level 1 in Necromancy
  2581 | D:3      | Reached skill level 1 in Translocations
  2581 | D:3      | Reached skill level 1 in Transmutations
  2581 | D:3      | Reached skill level 1 in Fire Magic
  2581 | D:3      | Reached skill level 1 in Ice Magic
  2581 | D:3      | Reached skill level 1 in Air Magic
  2581 | D:3      | Reached skill level 1 in Earth Magic
  2581 | D:3      | Reached skill level 1 in Poison Magic
  2771 | D:3      | Reached XP level 5. HP: 37/37 MP: 9/12
  3043 | D:3      | Found a sacrificial altar of Ru.
  3522 | D:3      | Found a shattered altar of Ashenzari.
  3525 | D:3      | Found a snail-covered altar of Cheibriados.
  3683 | D:3      | Slain by an orc wizard

Skill      XL: |  1  2  3  4  5 |
---------------+----------------+-----
Spellcasting   | 5 |  5.2
Stealth        | 6 |  6.1
Invocations    | 1 |  1.7
Fighting       | 1 |  1.5
Long Blades    | 1 |  1.5
Axes           | 1 |  1.5
Maces & Flails | 1 |  1.5
Polearms       | 1 |  1.5
Staves         | 1 |  1.5
Slings         | 1 |  1.5
Bows           | 1 |  1.5
Crossbows      | 1 |  1.5
Throwing       | 1 |  1.5
Armour         | 1 |  1.5
Shields        | 1 |  1.5
Unarmed Combat | 1 |  1.5
Evocations     | 1 |  1.5
Conjurations   | 1 |  1.2
Charms         | 1 |  1.2
Summonings     | 1 |  1.2
Necromancy     | 1 |  1.2
Translocations | 1 |  1.2
Transmutations | 1 |  1.2
Fire Magic     | 1 |  1.2
Ice Magic      | 1 |  1.2
Air Magic      | 1 |  1.2
Earth Magic    | 1 |  1.2
Poison Magic   | 1 |  1.2
Short Blades   | 3 |  3.0
Dodging        | |  4.8
Hexes          | |  5.5

Action                   |  1- 3 |  4- 6 || total
-------------------------+-------+-------++-------
Melee: Dagger            |    56 |   110 ||   166
       Bite              |     2 |     8 ||    10
 Cast: Ensorcelled Hiber |     5 |    49 ||    54
       Corona            |     1 |     5 ||     6
       Confuse           |       |     1 ||     1
  Use: Scroll            |       |     3 ||     3
 Stab: Sleeping          |    24 |    29 ||    53
  Eat: Chunk             |     2 |     6 ||     8
Armor: Robe              |     8 |     5 ||    13
Dodge: Dodged            |    44 |    86 ||   130
